 Dungeon Crawl Stone Soup version 0.31-a0-196-g86fe4a5e66 (webtiles) character file.

Game seed: 16965004493375596943

27 qw the Shooter (level 2, -2/16 HPs)
             Began as a Deep Elf Hunter on June 24, 2023.
             Succumbed to a kobold's poison
             ... on level 1 of the Dungeon.
             The game lasted 00:00:29 (701 turns).

qw the Shooter (Deep Elf Hunter)                     Turns: 701, Time: 00:00:30

Health: -2/16      AC:  3    Str:  8    XL:     2   Next: 93%
Magic:  4/4        EV: 12    Int: 13    God:
Gold:   544        SH:  0    Dex: 18    Spells: 1/1 levels left

rFire   . . .        Y - +0 shortbow
rCold   . . .        (shield currently unavailable)
rNeg    . . .        c - +0 leather armour
rPois   .            (no helmet)
rElec   .            (no cloak)
rCorr   .            (no gloves)
SInv    .            (no boots)
Will    .....        (no amulet)
Stlth   ++           (no ring)
HPRegen 0.22/turn    (no ring)
MPRegen 0.09/turn

%: no passive effects
@: lethally poisoned (-2 -> -12), about to teleport
A: no striking features
a: no special abilities


You were on level 1 of the Dungeon.
You visited 1 branch of the dungeon, and saw 2 of its levels.

You collected 544 gold pieces.


   Skills:
 - Level 1.5 Fighting
 + Level 6.6 Ranged Weapons
 - Level 2.4 Dodging
 - Level 1.2 Stealth


You had one spell level left.
You didn't know any spells.
Your spell library was empty.

Inventory:

Hand Weapons
 Y - a +0 shortbow (weapon)
Armour
 c - a +0 leather armour (worn)
Scrolls
 e - a scroll of identify
 g - a scroll of blinking {unknown}
Potions
 b - a potion of invisibility {unknown}
 d - a potion of curing {unknown}
 f - a potion of cancellation {unknown}

Dungeon Overview and Level Annotations

Branches:
Dungeon (2/15)

Altars:


Message History

You see here a staff of earth.
Enter note:
There is a shaft here.
g - a scroll labelled RAHUUSS ODUEHI
Enter note:
Found 5 stones.
Enter note: A goblin comes into view. It is wielding a +0 club.
Found a scroll labelled RAHUUSS ODUEHI.
The goblin shouts!
You hear a bark!
Enter note: You shoot an arrow.
The arrow hits the goblin.
The goblin is moderately wounded.
You shoot an arrow. The arrow hits the goblin.
You kill the goblin!
A gnoll comes into view. It is wielding a +0 spear.
You shoot an arrow. The gnoll shouts!
The arrow hits the gnoll.
The gnoll is moderately wounded.
A kobold comes into view. It is wielding a +3 whip of venom.
692 ||| Stepping ~*~*~tactically~*~*~ (outnumbered).
You shoot an arrow. The arrow completely misses the kobold.
You shoot an arrow. The arrow hits the gnoll.
The gnoll is moderately wounded.
695 ||| Stepping ~*~*~tactically~*~*~ (outnumbered).
The kobold throws a stone.
The stone closely misses you.
697 ||| Stepping ~*~*~tactically~*~*~ (outnumbered).
You shoot an arrow.
The arrow hits the kobold but does no damage.
The kobold hits you with a +3 whip of venom.
You shoot an arrow. The arrow hits the kobold.
The kobold is moderately wounded.
The gnoll hits you from afar with a +0 spear!
The kobold hits you with a +3 whip of venom.
You are lethally poisoned!
701 ||| READING scroll of teleportation.
As you read the scroll of teleportation, it crumbles to dust.
You feel strangely unstable.
You die...

.#..#g #.# #.#.( #.#
#.#). #.# #.#.. #.#
#.#.# #.# #.#.# ##.##
#.#g# ##...##
#.#K###### ##|....#
#...@....#####.......
#....................
########.#####....^..
#.# ##.....# #.#
##...## #.# #.....#
#.# ##.....#
#.#####.......
#............#


You could see a gnoll and a kobold.

Vanquished Creatures
  2 dart slugs
  A ball python (D:1)
  5 bats
  A giant cockroach (D:1)
  3 goblins (D:1)
  3 hobgoblins (D:1)
  2 jackals (D:1)
  A frilled lizard (D:1)
  2 rats (D:1)
20 creatures vanquished.

Notes
Turn   | Place    | Note
-------+----------+-------------------------------------------
     0 | D:1      | qw the Deep Elf Hunter began the quest for the Orb.
     0 | D:1      | Reached XP level 1. HP: 12/12 MP: 3/3
     0 | D:1      | 0 ||| qw: Version: 0.3-a-9-g12657ce
     0 | D:1      | 0 ||| qw: Game counter: 4768
     0 | D:1      | 0 ||| qw: Always use a shield: true
     0 | D:1      | 0 ||| qw: God list: Okawaru
     0 | D:1      | 0 ||| qw: Allow faded altars: false
     0 | D:1      | 0 ||| qw: Do Orc after D:15 true
     0 | D:1      | 0 ||| qw: Do second Lair branch before Depths: true
     0 | D:1      | 0 ||| qw: Lair rune preference: random
     0 | D:1      | 0 ||| qw: Plans: Normal
     0 | D:1      | 0 ||| PLANNING D:1-11
   120 | D:1      | You fall into a shaft and drop 1 floor!
   210 | D:2      | Reached XP level 2. HP: 14/16 MP: 4/4
   250 | D:2      | 250 ||| READING scroll labelled SUSYOWNOOH.
   254 | D:2      | 254 ||| READING scroll labelled BOXUUL IJOHAAS.
   255 | D:2      | 255 ||| READING scroll labelled SOMATI DESKAP.
   255 | D:2      | Identified a scroll of acquirement
   255 | D:2      | 255 ||| ACQUIRING 513 gold pieces
   255 | D:2      | Acquired 513 gold pieces
   257 | D:2      | 257 ||| DROPPING scroll of butterflies.
   258 | D:2      | 258 ||| Stepping randomly (stuck).
   259 | D:2      | 259 ||| Stepping randomly (stuck).
   260 | D:2      | 260 ||| Stepping randomly (stuck).
   261 | D:2      | 261 ||| Stepping randomly (stuck).
   262 | D:2      | 262 ||| Stepping randomly (stuck).
   263 | D:2      | 263 ||| Stepping randomly (stuck).
   264 | D:2      | 264 ||| Stepping randomly (stuck).
   265 | D:2      | 265 ||| Stepping randomly (stuck).
   266 | D:2      | 266 ||| Stepping randomly (stuck).
   267 | D:2      | 267 ||| Stepping randomly (stuck).
   268 | D:2      | 268 ||| Stepping randomly (stuck).
   269 | D:2      | 269 ||| Stepping randomly (stuck).
   270 | D:2      | 270 ||| Stepping randomly (stuck).
   271 | D:2      | 271 ||| Stepping randomly (stuck).
   272 | D:2      | 272 ||| Stepping randomly (stuck).
   273 | D:2      | 273 ||| Stepping randomly (stuck).
   274 | D:2      | 274 ||| Stepping randomly (stuck).
   275 | D:2      | 275 ||| Stepping randomly (stuck).
   276 | D:2      | 276 ||| Stepping randomly (stuck).
   277 | D:2      | 277 ||| Stepping randomly (stuck).
   278 | D:2      | 278 ||| Stepping randomly (stuck).
   279 | D:2      | 279 ||| Stepping randomly (stuck).
   280 | D:2      | 280 ||| Stepping randomly (stuck).
   281 | D:2      | 281 ||| Stepping randomly (stuck).
   282 | D:2      | 282 ||| Stepping randomly (stuck).
   283 | D:2      | 283 ||| Stepping randomly (stuck).
   284 | D:2      | 284 ||| Stepping randomly (stuck).
   285 | D:2      | 285 ||| Stepping randomly (stuck).
   286 | D:2      | 286 ||| Stepping randomly (stuck).
   287 | D:2      | 287 ||| Stepping randomly (stuck).
   288 | D:2      | 288 ||| Stepping randomly (stuck).
   289 | D:2      | 289 ||| Stepping randomly (stuck).
   290 | D:2      | 290 ||| Stepping randomly (stuck).
   291 | D:2      | 291 ||| Stepping randomly (stuck).
   292 | D:2      | 292 ||| Stepping randomly (stuck).
   293 | D:2      | 293 ||| Stepping randomly (stuck).
   294 | D:2      | 294 ||| Stepping randomly (stuck).
   295 | D:2      | 295 ||| Stepping randomly (stuck).
   296 | D:2      | 296 ||| Stepping randomly (stuck).
   297 | D:2      | 297 ||| Stepping randomly (stuck).
   298 | D:2      | 298 ||| Stepping randomly (stuck).
   299 | D:2      | 299 ||| Stepping randomly (stuck).
   300 | D:2      | 300 ||| Stepping randomly (stuck).
   301 | D:2      | 301 ||| Stepping randomly (stuck).
   302 | D:2      | 302 ||| Stepping randomly (stuck).
   366 | D:1      | Reached skill level 6 in Ranged Weapons
   539 | D:1      | 539 ||| Stepping ~*~*~tactically~*~*~ (outnumbered).
   692 | D:1      | 692 ||| Stepping ~*~*~tactically~*~*~ (outnumbered).
   695 | D:1      | 695 ||| Stepping ~*~*~tactically~*~*~ (outnumbered).
   697 | D:1      | 697 ||| Stepping ~*~*~tactically~*~*~ (outnumbered).
   700 | D:1      | HP: 1/16 [kobold/+3 whip of venom (5)]
   701 | D:1      | 701 ||| READING scroll of teleportation.
   701 | D:1      | Succumbed to a kobold's poison

Levels and vault maps discovered:
D:1:      lemuel_arrival_river_passageway, layout_loops_ring,
          ebering_ecumenical_altar_mist, minmay_tetromino_t2
D:2:      layout_basic, basic_altar

Skill      XL: |  1  2 |
---------------+-------+-----
Ranged Weapons | 6 |  6.6
Fighting       | |  1.5
Dodging        | |  2.4
Stealth        | |  1.2

Action                     || total
---------------------------++-------
   Fire: Shortbow          ||    54
    Use: Scroll            ||     4
 Armour: Leather armour    ||    10
  Dodge: Dodged            ||    25

Table legend:
 A = Non-vault XP
 B = Vault XP
 C = Vault XP percentage of total XP
 D = Non-vault monster count
 E = Vault monster count
 F = Vault count percentage of total count
                 A         B        C        D         E       F
            +---------+---------+-------+---------+---------+-------
      Total |      37 |       2 |   5.1 |      19 |       1 |   5.0
            +---------+---------+-------+---------+---------+-------
        D:1 |      29 |       2 |   6.5 |      16 |       1 |   5.9
        D:2 |       8 |       0 |   0.0 |       3 |       0 |   0.0
            +---------+---------+-------+---------+---------+-------
